 Dungeon Crawl Stone Soup version 0.24.0-37-gcf1ca852f1 (webtiles) character file.

Game seed: 13019768439092186757, levelgen mode: deterministic

1932 Mesmaeker13 the Thaumaturge (level 8, -13/36 HPs)
             Began as a Deep Elf Conjurer on Nov 29, 2019.
             Was a Follower of Hepliaklqana.
             Mangled by an eight-headed hydra (15 damage)
             ... on level 8 of the Dungeon.
             The game lasted 00:10:53 (8738 turns).

Mesmaeker13 the Thaumaturge (Deep Elf Conjurer)     Turns: 8738, Time: 00:10:53

Health: -13/36     AC:  4    Str:  5    XL:     8   Next: 97%
Magic:  4/22       EV: 15    Int: 27    God:    Hepliaklqana [*.....]
Gold:   218        SH:  0    Dex: 15    Spells: 13/23 levels left

rFire    . . .     SeeInvis .   k - +3 dagger
rCold    . . .     Gourm    .   (no shield)
rNeg     . . .     Faith    .   x - +1 leather armour of Anarchy {Int+4}
rPois    .         Spirit   .   (no helmet)
rElec    .         Reflect  .   (no cloak)
rCorr    .         Harm     .   (no gloves)
MR       .....                  (no boots)
Stlth    ++........             d - amulet of the acrobat
HPRegen  0.12/turn              (no ring)
MPRegen  0.18/turn              (no ring)

@: no status effects
A: reduced essence
a: Recall Ancestor, Ancestor Identity, Renounce Religion


You were on level 8 of the Dungeon.
You worshipped Hepliaklqana.
Hepliaklqana was aware of your devotion.
You were not hungry.

You visited 1 branch of the dungeon, and saw 8 of its levels.

You collected 358 gold pieces.
You spent 140 gold pieces at shops.

Inventory:

Hand Weapons
 k - a +3 dagger (weapon)
 q - a +0 spear
 F - a +4 dagger of protection
Missiles
 z - 2 throwing nets (quivered)
Armour
 x - the +1 leather armour of Anarchy (worn) {Int+4}
   (You bought it in a shop on level 4 of the Dungeon)

   It affects your intelligence (+4).
 A - a +2 scale mail of poison resistance
 C - a +0 shield
Jewellery
 d - an amulet of the acrobat (around neck)
 B - an uncursed ring of magical power {unknown}
Wands
 n - a wand of enslavement (16)
 w - a wand of digging (5)
Scrolls
 b - 7 scrolls of remove curse
 e - 2 scrolls of enchant weapon
 h - a scroll of random uselessness {unknown}
 i - 3 scrolls of teleportation
 o - a scroll of amnesia {unknown}
 u - 2 scrolls of magic mapping
 y - a scroll of blinking {unknown}
 D - a scroll of enchant armour {unknown}
 E - a scroll of fog {unknown}
 G - a scroll of identify
Potions
 a - 2 potions of heal wounds {unknown}
 f - 4 potions of degeneration
 g - a potion of might {unknown}
 j - 2 potions of lignification
 l - 2 potions of brilliance {unknown}
 m - a potion of flight {unknown}
 p - 2 potions of ambrosia {unknown}
 r - 2 potions of cancellation {unknown}
 s - 2 potions of curing {unknown}
 t - a potion of haste {unknown}
 v - 2 potions of berserk rage {unknown}
Comestibles
 c - 10 rations


   Skills:
 + Level 7.5 Dodging
 - Level 2.4 Stealth
 + Level 8.4 Spellcasting
 + Level 7.9 Conjurations
 + Level 6.7 Hexes


You had 13 spell levels left.
You knew the following spells:

 Your Spells              Type           Power        Failure   Level  Hunger
a - Magic Dart            Conj           ####         1%          1    None
b - Searing Ray           Conj           ######       1%          2    None
c - Dazzling Spray        Conj/Hex       ######       1%          3    None
d - Fulminant Prism       Conj/Hex       ######....   4%          4    ##.....

Your spell library contained the following spells:

 Spells                   Type           Power        Failure   Level  Hunger
 Shock                    Conj/Air       ####         1%          1    None
 Iskenderun's Mystic Bla  Conj           ######..     3%          4    ##.....
 Static Discharge         Conj/Air       ####....     4%          3    None
 Summon Guardian Golem    Hex/Summ       ####....     6%          3    None
 Summon Small Mammal      Summ           ##..         9%          1    None
 Call Imp                 Summ           ##......     13%         2    None
 Swiftness                Chrm/Air       ##......     13%         2    None
 Force Lance              Conj/Tloc      ####....     16%         4    ##.....
 Call Canine Familiar     Summ           ##......     26%         3    None
 Lightning Bolt           Conj/Air       ####......   41%         5    ####...
 Airstrike                Air            ##........   63%         4    ##.....
 Summon Ice Beast         Ice/Summ       ##......     63%         4    ##.....
 Summon Lightning Spire   Summ/Air       ##......     63%         4    ##.....


Dungeon Overview and Level Annotations

Branches:
Dungeon (8/15)             Temple (0/1) D:7
   Lair: D:8-11

Altars:
Cheibriados
Dithmenos
Elyvilon
Fedhas
Hepliaklqana
Makhleb
Qazlal
Ru
Trog
Uskayaw
The Shining One

Shops:
D:4 [

Annotations:
D:3 3 runed translucent doors, frabbit's ghost, amateur OpIE


Message History

A fulminant prism comes into view.
Your fulminant prism crackles loudly.
Your fulminant prism explodes!
The blast of energy engulfs the eight-headed hydra!!
The eight-headed hydra is almost dead.
You hear a bark!
Unknown command.
There is a stone staircase leading up here.
Casting: Fulminant Prism (safe; 4% risk of failure)
Confirm with . or Enter, or press ? or * to list all spells.
Aiming: Fulminant Prism (safe; 4% risk of failure)
Press: ? - help, Dir - move target cursor You conjure a prism of explosive energy!
A fulminant prism comes into view.
The eight-headed hydra bites you! The eight-headed hydra bites you.
The eight-headed hydra barely misses you.
The eight-headed hydra bites you!
* * * LOW HITPOINT WARNING * * *
The eight-headed hydra bites you!
You die...

#....... #....... #.......
..##+####+#####+###.......
...........................
..>........................
+...........................
#...........*...............
#..........@D...............
#...........................
#...........................
#...........................
###.....#'####+#.....######
#.....#......#.....#
#...).#......'.....#
#.....#......#.....#
#.....#......#.....#


You could see an eight-headed hydra and a friendly fulminant prism.

Vanquished Creatures
  Grinder (D:4)
  An orc warrior (D:6)
  A black bear (D:6)
  An ice beast (D:5)
  An ogre (D:4)
  A centaur (D:7)
  2 bullfrogs
  A scorpion (D:7)
  3 howler monkeys
  2 crimson imps
  A gnoll shaman (D:6)
  An orc priest (D:4)
  3 hounds
  A jelly (D:5)
  3 orc wizards
  Terence (D:2)
  A bullfrog skeleton (D:5)
  An iguana (D:6)
  3 worker ants
  7 gnolls
  2 howler monkey skeletons
  An ancestor (D:8)
  7 adders
  2 shadow imps
  2 oozes
  3 worms
  3 dart slugs (D:1)
  4 leopard geckos
  13 orcs
  7 bats
  6 giant cockroaches
  4 goblins
  3 hobgoblins
  2 jackals (D:6)
  4 quokkas
  A ball python (D:6)
  9 frilled lizards
  A jackal skeleton (D:4)
  7 kobolds
  A leopard gecko zombie (D:6)
  A quokka skeleton (D:4)
  4 rats
123 creatures vanquished.

Vanquished Creatures (collateral kills)
  3 centaurs (D:6)
  An ogre (D:8)
  An orc priest (D:6)
  A worker ant (D:7)
  7 orcs
13 creatures vanquished.

Vanquished Creatures (others)
  A centaur (D:6)
  A quokka (D:2)
  A bat (D:2)
  8 fulminant prisms
11 creatures vanquished.

Grand Total: 147 creatures vanquished

Notes
Turn   | Place    | Note
-------+----------+-------------------------------------------
     0 | D:1      | Mesmaeker13 the Deep Elf Conjurer began the quest for the
                  | Orb.
     0 | D:1      | Reached XP level 1. HP: 10/10 MP: 6/6
   352 | D:1      | Reached XP level 2. HP: 8/15 MP: 4/8
  1229 | D:2      | Learned a level 2 spell: Searing Ray
  1261 | D:2      | Reached XP level 3. HP: 19/19 MP: 6/10
  1614 | D:2      | Reached skill level 4 in Spellcasting
  1661 | D:2      | Reached skill level 5 in Conjurations
  1739 | D:2      | Noticed Terence
  1746 | D:2      | Killed Terence
  1746 | D:2      | Reached XP level 4. HP: 24/24 MP: 3/12
  1748 | D:2      | Found a white marble altar of Elyvilon.
  1883 | D:2      | Found a glowing golden altar of the Shining One.
  2088 | D:2      | Found a faded altar of an unknown god.
  2437 | D:3      | Learned a level 3 spell: Dazzling Spray
  2594 | D:3      | Reached skill level 1 in Hexes
  2594 | D:3      | Reached XP level 5. HP: 28/28 MP: 5/14
  2691 | D:3      | Found a runed translucent gate.
  2691 | D:3      | Found a runed translucent gate.
  2691 | D:3      | Found a runed translucent gate.
  2692 | D:3      | Noticed frabbit's ghost (amateur OpIE)
  2908 | D:3      | Reached skill level 5 in Spellcasting
  3075 | D:4      | Noticed Grinder
  3088 | D:4      | Killed Grinder
  3088 | D:4      | Reached XP level 6. HP: 32/32 MP: 6/16
  3265 | D:4      | Reached skill level 5 in Dodging
  3395 | D:4      | Found a burning altar of Makhleb.
  3458 | D:4      | Found Bidikiaq's Antique Armour Shop.
  3464 | D:4      | Found a sacrificial altar of Ru.
  3480 | D:4      | Reached XP level 7. HP: 36/36 MP: 10/17
  3884 | D:4      | Learned a level 4 spell: Fulminant Prism
  3907 | D:4      | Reached skill level 6 in Spellcasting
  4576 | D:4      | Bought a turquoise-encrusted leather armour for 140 gold
                  | pieces
  4587 | D:4      | Identified the +1 leather armour of Anarchy {Int+4} (You
                  | bought it in a shop on level 4 of the Dungeon)
  4632 | D:5      | Entered Level 5 of the Dungeon
  4847 | D:5      | Found a bloodstained altar of Trog.
  4848 | D:5      | Found a shadowy altar of Dithmenos.
  4849 | D:5      | Found a stormy altar of Qazlal.
  4849 | D:5      | Found a snail-covered altar of Cheibriados.
  4851 | D:5      | Found a blossoming altar of Fedhas.
  5744 | D:5      | Found a hide-covered altar of Uskayaw.
  5874 | D:6      | Reached skill level 5 in Hexes
  5874 | D:6      | Reached XP level 8. HP: 41/41 MP: 15/20
  5979 | D:6      | Reached skill level 7 in Spellcasting
  7306 | D:6      | Found a hazy altar of Hepliaklqana.
  7314 | D:6      | Became a worshipper of Hepliaklqana the Forgotten
  7432 | D:6      | Noticed a centaur
  7591 | D:7      | Reached skill level 8 in Spellcasting
  8073 | D:7      | Reached * piety under Hepliaklqana
  8354 | D:7      | Found a staircase to the Ecumenical Temple.
  8722 | D:8      | Noticed an eight-headed hydra
  8738 | D:8      | Mangled by an eight-headed hydra

Levels and vault maps discovered:
D:1:      psy_arrival_basics, layout_basic, minivault_24
D:2:      layout_loops_ring, elyvilon_altar_4, overflow_temple_1_default,
          chequers_ecumenical_altar_twisty, minmay_tromino_mix6, uniq_terence
D:3:      minmay_evil_eye, layout_basic, ebering_ghost_rock_garden
D:4:      layout_loops_corners, nicolae_overflow_hidden_temple,
          makhleb_blood_cavern_becter, serial_shops, shop, uniq_grinder
D:5:      layout_cave_pods, kennysheep_mini_moat, grunt_temple_overflow_open,
          first_ration
D:6:      black_bear_nest_1, layout_loops_ring, lemuel_coloured_pillars_altar,
          centaur_isle
D:7:      layout_layer_cave, temple_hall_moat
D:8:      layout_gridville, nemelex_xobeh_ov_fountains_minmay,
          nicolae_overflow_crystal_walls

Skill      XL: |  1  2  3  4  5  6  7  8 |
---------------+-------------------------+-----
Dodging        | 3 4 5 6 7 |  7.5
Spellcasting   | 4 5 6 8 |  8.4
Conjurations   | 5 6 7 |  7.9
Hexes          | 1 3 5 6 |  6.7
Stealth        | |  2.4

Action                   |  1- 3 |  4- 6 |  7- 9 || total
-------------------------+-------+-------+-------++-------
Melee: Unarmed           |     6 |       |       ||     6
       Dagger            |       |     1 |     4 ||     5
 Cast: Magic Dart        |    74 |    43 |   138 ||   255
       Searing Ray       |     1 |     9 |    20 ||    30
       Fulminant Prism   |       |       |     9 ||     9
       Dazzling Spray    |       |       |     2 ||     2
Evoke: Wand              |       |       |     7 ||     7
  Use: Scroll            |       |     4 |     4 ||     8
       Potion            |       |     1 |       ||     1
  Eat: Ration            |     1 |       |     3 ||     4
       Chunk             |       |     4 |     8 ||    12
Armor: Robe              |     1 |       |       ||     1
       Skin              |       |     5 |       ||     5
       Leather armour    |       |       |    10 ||    10
Dodge: Dodged            |     9 |    21 |    63 ||    93
